| TOP OF THE 1ST |
|
Nassau Black Sails batting - Pitching for Limon Calypsos : RHP Alex Mazariegos
|
|
Pitching: RHP Alex Mazariegos
|
|
|
Batting: RHB Randolph Ebersberger
|
0-0: Ball 1-0: Foul Ball, location: 2F 1-1: Ball 2-1: Bunted foul 2-2: Foul Ball, location: 2F 2-2: SINGLE (Line Drive, 9S, EV 92.5 MPH)
|
|
Batting: RHB Heri Ramirez
|
0-0: Swinging Strike 0-1: Hit by Pitch Randolph Ebersberger to second
|
|
Batting: RHB Cecil Fielder
|
0-0: Swinging Strike 0-1: Ball 1-1: Called Strike 1-2: Grounds into double play, 6-4-3 (Groundball, 6MD, EV 107.5 MPH) Randolph Ebersberger to third
|
|
Batting: LHB Sam Horn
|
0-0: Ball 1-0: Ground out 4-3 (Groundball, 4, EV 106.9 MPH)
|
| Top of the 1st over - 0 runs, 1 hit, 0 errors, 1 left on base; Nassau 0 - Limon 0 |
| BOTTOM OF THE 1ST |
|
Limon Calypsos batting - Pitching for Nassau Black Sails : RHP Scott Garrelts
|
|
Pitching: RHP Scott Garrelts
|
|
|
Batting: RHB Randy Milligan
|
0-0: Called Strike 0-1: Ball 1-1: Ball 2-1: Foul Ball, location: 2F 2-2: Strikes out swinging
|
|
Batting: LHB Phil Stephenson
|
0-0: Ball 1-0: Called Strike 1-1: Foul Ball, location: 2F 1-2: Ball 2-2: Ball 3-2: Strikes out swinging
|
|
Batting: LHB Mike Pagliarulo
|
0-0: Ball 1-0: Ground out 4-3 (Groundball, 4S, EV 72.5 MPH)
|
| Bottom of the 1st over - 0 runs, 0 hits, 0 errors, 0 left on base; Nassau 0 - Limon 0 |
| TOP OF THE 2ND |
|
Nassau Black Sails batting - Pitching for Limon Calypsos : RHP Alex Mazariegos
|
|
Batting: RHB Steve Springer
|
0-0: Ball 1-0: Ground out 6-3 (Groundball, 6, EV 103.1 MPH)
|
|
Batting: LHB John Weller
|
0-0: Foul Ball, location: 2F 0-1: Foul Ball, location: 2F 0-2: Foul Ball, location: 2F 0-2: Ball 1-2: Ball 2-2: Ball 3-2: Foul Ball, location: 2F 3-2: Base on Balls
|
|
Batting: RHB Danny Sheaffer
|
0-0: Ball 1-0: Foul Ball, location: 2F 1-1: SINGLE (Line Drive, 5D, EV 95.6 MPH) John Weller to second
|
|
Batting: LHB Jay Erdahl
|
0-0: Called Strike 0-1: Ball 1-1: Ball 2-1: Ball 3-1: Fly out, F8 (Line Drive, 8RD, EV 94.4 MPH)
|
|
Batting: RHB Joe Redfield
|
0-0: Foul Ball, location: 2F 0-1: DOUBLE (Groundball, 5L, EV 104.4 MPH) John Weller scores Danny Sheaffer to third Runner from 3rd tries for Home, SAFE, throw by LF to home
|
|
Batting: RHB Randolph Ebersberger
|
0-0: Ball 1-0: Ball 2-0: Ball 3-0: Base on Balls
|
|
Batting: RHB Heri Ramirez
|
0-0: Ball 1-0: Fielders Choice at 2nd, 6-4 (Groundball, 6, EV 91.9 MPH)
|
| Top of the 2nd over - 2 runs, 2 hits, 0 errors, 2 left on base; Nassau 2 - Limon 0 |
| BOTTOM OF THE 2ND |
|
Limon Calypsos batting - Pitching for Nassau Black Sails : RHP Scott Garrelts
|
|
Batting: RHB Denny Gonzalez
|
0-0: Called Strike 0-1: Called Strike 0-2: Strikes out swinging
|
|
Batting: RHB Nehames Bernstine
|
0-0: Called Strike 0-1: Ball 1-1: Ball 2-1: Fly out, F4 (Popup, 3S, EV 76.9 MPH)
|
|
Batting: SHB Bobby Bonilla
|
0-0: Ball 1-0: Foul Ball, location: 2F 1-1: Ground out 4-3 (Groundball, 4, EV 83.1 MPH)
|
| Bottom of the 2nd over - 0 runs, 0 hits, 0 errors, 0 left on base; Nassau 2 - Limon 0 |
| TOP OF THE 3RD |
|
Nassau Black Sails batting - Pitching for Limon Calypsos : RHP Alex Mazariegos
|
|
Batting: RHB Cecil Fielder
|
0-0: Ball 1-0: Ball 2-0: Foul Ball, location: 2F 2-1: Called Strike 2-2: DOUBLE (Groundball, 5L, EV 105.6 MPH)
|
|
Batting: LHB Sam Horn
|
0-0: Ball 1-0: 2-RUN HOME RUN (Flyball, 9LD, EV 103.8 MPH), Distance : 378 ft
|
|
Batting: RHB Steve Springer
|
0-0: Foul Ball, location: 2F 0-1: Ball 1-1: Swinging Strike 1-2: Ball 2-2: Strikes out looking
|
|
Batting: LHB John Weller
|
0-0: Ball 1-0: Ball 2-0: Ball 3-0: Base on Balls
|
|
Batting: RHB Danny Sheaffer
|
0-0: SINGLE (Groundball, 4MD, EV 106.3 MPH) John Weller to second John Weller to third
|
|
Batting: LHB Jay Erdahl
|
0-0: Called Strike 0-1: Reached on error, E6 (Groundball, 6, EV 83.8 MPH) John Weller scores Danny Sheaffer to second
|
|
Batting: RHB Joe Redfield
|
0-0: Swinging Strike 0-1: Foul Ball, location: 2F 0-2: Fly out, F9 (Flyball, 9, EV 95.6 MPH)
|
|
Batting: RHB Randolph Ebersberger
|
0-0: Foul Ball, location: 2F 0-1: Swinging Strike 0-2: Ball 1-2: Strikes out swinging
|
| Top of the 3rd over - 3 runs, 3 hits, 1 error, 2 left on base; Nassau 5 - Limon 0 |
| BOTTOM OF THE 3RD |
|
Limon Calypsos batting - Pitching for Nassau Black Sails : RHP Scott Garrelts
|
|
Batting: RHB Greg Gagne
|
0-0: Ball 1-0: Ball 2-0: Foul Ball, location: 2F 2-1: Ball 3-1: Swinging Strike 3-2: SINGLE (Groundball, 4M, EV 94.4 MPH)
|
|
Batting: LHB Jesus Marinez
|
0-0: Ball 1-0: Called Strike 1-1: Swinging Strike 1-2: Ground out U3 (Groundball, 3, EV 106.9 MPH) Greg Gagne to second
|
|
Batting: RHB Rob Deer
|
0-0: Ball 1-0: Ball 2-0: Foul Ball, location: 2F 2-1: Ball 3-1: Base on Balls
|
|
Batting: RHB Randy Milligan
|
0-0: Foul Ball, location: 2F 0-1: Ball 1-1: Ball 2-1: Swinging Strike 2-2: Foul Ball, location: 2F 2-2: Ball 3-2: Strikes out swinging
|
|
Batting: LHB Phil Stephenson
|
0-0: Ball 1-0: Swinging Strike 1-1: Foul Ball, location: 2F 1-2: Strikes out swinging
|
| Bottom of the 3rd over - 0 runs, 1 hit, 0 errors, 2 left on base; Nassau 5 - Limon 0 |
| TOP OF THE 4TH |
|
Nassau Black Sails batting - Pitching for Limon Calypsos : RHP Alex Mazariegos
|
|
Batting: RHB Heri Ramirez
|
0-0: Ground out 4-3 (Groundball, 4S, EV 64.4 MPH)
|
|
Batting: RHB Cecil Fielder
|
0-0: Called Strike 0-1: Ball 1-1: Ball 2-1: Ball 3-1: Foul Ball, location: 2F 3-2: Strikes out swinging
|
|
Batting: LHB Sam Horn
|
0-0: Foul Ball, location: 2F 0-1: Ball 1-1: Foul Ball, location: 2F 1-2: Foul Ball, location: 2F 1-2: Foul Ball, location: 2F 1-2: Ball 2-2: Ball 3-2: Fly out, F6 (Popup, 6S, EV 75.0 MPH)
|
| Top of the 4th over - 0 runs, 0 hits, 0 errors, 0 left on base; Nassau 5 - Limon 0 |
| BOTTOM OF THE 4TH |
|
Limon Calypsos batting - Pitching for Nassau Black Sails : RHP Scott Garrelts
|
|
Batting: LHB Mike Pagliarulo
|
0-0: Ball 1-0: Ball 2-0: Ball 3-0: Called Strike 3-1: Base on Balls
|
|
Batting: RHB Denny Gonzalez
|
0-0: Ball 1-0: Ball 2-0: Ball 3-0: Base on Balls Mike Pagliarulo to second
|
|
Batting: RHB Nehames Bernstine
|
0-0: Foul Ball, location: 2F 0-1: Ball 1-1: Ball 2-1: Swinging Strike 2-2: Ball 3-2: Foul Ball, location: 2F 3-2: Foul Ball, location: 2F 3-2: Strikes out swinging
|
|
Batting: SHB Bobby Bonilla
|
0-0: Ball 1-0: Ball 2-0: Ball 3-0: Base on Balls Mike Pagliarulo to third Denny Gonzalez to second
|
|
Batting: RHB Greg Gagne
|
0-0: Ball 1-0: Ball 2-0: Fly out, F7 (Flyball, 7S, EV 84.4 MPH)
|
|
Batting: LHB Jesus Marinez
|
0-0: Ball 1-0: Ball 2-0: Called Strike 2-1: Ground out 3-1 (Groundball, 34, EV 81.3 MPH)
|
| Bottom of the 4th over - 0 runs, 0 hits, 0 errors, 3 left on base; Nassau 5 - Limon 0 |
| TOP OF THE 5TH |
|
Nassau Black Sails batting - Pitching for Limon Calypsos : RHP Alex Mazariegos
|
|
Pitching: RHP Keith Bonine
|
|
|
Batting: RHB Steve Springer
|
0-0: Ball 1-0: Swinging Strike 1-1: Foul Ball, location: 2F 1-2: Ball 2-2: Ball 3-2: Foul Ball, location: 2F 3-2: Fly out, F9 (Flyball, 9S, EV 80.6 MPH)
|
|
Batting: LHB John Weller
|
0-0: Called Strike 0-1: Foul Ball, location: 2F 0-2: Foul Ball, location: 2F 0-2: Strikes out looking
|
|
Batting: RHB Danny Sheaffer
|
0-0: Called Strike 0-1: Ball 1-1: Foul Ball, location: 2F 1-2: Strikes out swinging
|
| Top of the 5th over - 0 runs, 0 hits, 0 errors, 0 left on base; Nassau 5 - Limon 0 |
| BOTTOM OF THE 5TH |
|
Limon Calypsos batting - Pitching for Nassau Black Sails : RHP Scott Garrelts
|
|
Batting: RHB Rob Deer
|
0-0: Ball 1-0: Ball 2-0: Called Strike 2-1: Fly out, F8 (Flyball, 89XD, EV 91.3 MPH)
|
|
Batting: RHB Randy Milligan
|
0-0: Ball 1-0: Ball 2-0: Ground out 5-3 (Groundball, 56, EV 86.9 MPH)
|
|
Batting: LHB Phil Stephenson
|
0-0: Ball 1-0: Called Strike 1-1: Foul Ball, location: 2F 1-2: Ball 2-2: Ground out U3 (Groundball, 3, EV 83.8 MPH)
|
| Bottom of the 5th over - 0 runs, 0 hits, 0 errors, 0 left on base; Nassau 5 - Limon 0 |
| TOP OF THE 6TH |
|
Nassau Black Sails batting - Pitching for Limon Calypsos : RHP Keith Bonine
|
|
Batting: LHB Jay Erdahl
|
0-0: Called Strike 0-1: Swinging Strike 0-2: Ball 1-2: Strikes out swinging
|
|
Batting: RHB Joe Redfield
|
0-0: Fly out, F8 (Line Drive, 8RD, EV 93.1 MPH)
|
|
Batting: RHB Randolph Ebersberger
|
0-0: Foul Ball, location: 2F 0-1: Ground out 6-3 (Groundball, 56, EV 96.9 MPH)
|
| Top of the 6th over - 0 runs, 0 hits, 0 errors, 0 left on base; Nassau 5 - Limon 0 |
| BOTTOM OF THE 6TH |
|
Limon Calypsos batting - Pitching for Nassau Black Sails : RHP Scott Garrelts
|
|
Batting: LHB Mike Pagliarulo
|
0-0: Ball 1-0: Called Strike 1-1: Ball 2-1: Called Strike 2-2: Ball 3-2: Foul Ball, location: 2F 3-2: Foul Ball, location: 2F 3-2: Strikes out swinging
|
|
Batting: RHB Denny Gonzalez
|
0-0: Fly out, F4 (Popup, 34D, EV 56.9 MPH)
|
|
Batting: RHB Nehames Bernstine
|
0-0: Ball 1-0: SINGLE (Groundball, 25, EV 71.9 MPH) (infield hit)
|
|
Batting: SHB Bobby Bonilla
|
0-0: Ball 1-0: Swinging Strike 1-1: Ball 2-1: Foul Ball, location: 2F 2-2: Strikes out swinging
|
| Bottom of the 6th over - 0 runs, 1 hit, 0 errors, 1 left on base; Nassau 5 - Limon 0 |
| TOP OF THE 7TH |
|
Nassau Black Sails batting - Pitching for Limon Calypsos : RHP Keith Bonine
|
|
Batting: RHB Heri Ramirez
|
0-0: Ball 1-0: Ball 2-0: Foul Ball, location: 2F 2-1: SINGLE (Groundball, 56D, EV 95.0 MPH)
|
|
Batting: RHB Cecil Fielder
|
0-0: Ball 1-0: Ball 2-0: Called Strike 2-1: Ball 3-1: Foul Ball, location: 2F 3-2: SINGLE (Line Drive, 78M, EV 105.0 MPH) Heri Ramirez to second
|
|
Batting: LHB Sam Horn
|
0-0: Called Strike 0-1: Ball 1-1: Ball 2-1: Foul Ball, location: 2F 2-2: Strikes out swinging
|
|
Batting: RHB Steve Springer
|
0-0: Called Strike 0-1: Ball 1-1: Fly out, F9 (Flyball, 9, EV 91.9 MPH)
|
|
Batting: LHB John Weller
|
0-0: Ball 1-0: Ball 2-0: Called Strike 2-1: Foul Ball, location: 2F 2-2: Strikes out looking
|
| Top of the 7th over - 0 runs, 2 hits, 0 errors, 2 left on base; Nassau 5 - Limon 0 |
| BOTTOM OF THE 7TH |
|
Limon Calypsos batting - Pitching for Nassau Black Sails : RHP Scott Garrelts
|
|
Batting: RHB Greg Gagne
|
0-0: Ground out 5-3 (Groundball, 56S, EV 70.0 MPH)
|
|
Batting: LHB Jesus Marinez
|
0-0: Foul Ball, location: 2F 0-1: Ball 1-1: Foul Ball, location: 2F 1-2: Strikes out swinging
|
|
Batting: RHB Rob Deer
|
0-0: Fly out, F8 (Line Drive, 8LM, EV 85.6 MPH)
|
| Bottom of the 7th over - 0 runs, 0 hits, 0 errors, 0 left on base; Nassau 5 - Limon 0 |
| TOP OF THE 8TH |
|
Nassau Black Sails batting - Pitching for Limon Calypsos : RHP Keith Bonine
|
|
Batting: RHB Danny Sheaffer
|
0-0: Fly out, F4 (Line Drive, 4, EV 65.0 MPH)
|
|
Batting: LHB Jay Erdahl
|
0-0: Called Strike 0-1: Ball 1-1: Swinging Strike 1-2: Strikes out swinging
|
|
Pitching: RHP Vittore Fachinetti
|
|
|
Batting: RHB Joe Redfield
|
0-0: Ball 1-0: Called Strike 1-1: Ball 2-1: Fly out, F7 (Flyball, 7LD, EV 86.9 MPH)
|
| Top of the 8th over - 0 runs, 0 hits, 0 errors, 0 left on base; Nassau 5 - Limon 0 |
| BOTTOM OF THE 8TH |
|
Limon Calypsos batting - Pitching for Nassau Black Sails : RHP Scott Garrelts
|
|
Batting: RHB Randy Milligan
|
0-0: Ball 1-0: Ball 2-0: Ball 3-0: Base on Balls
|
|
Batting: LHB Phil Stephenson
|
0-0: Fly out, F7 (Flyball, 78D, EV 96.3 MPH)
|
|
Batting: LHB Mike Pagliarulo
|
0-0: Ball 1-0: Fly out, F6 (Popup, 4M, EV 61.3 MPH)
|
|
Batting: RHB Denny Gonzalez
|
0-0: Ball 1-0: Foul Ball, location: 2F 1-1: Ball 2-1: Ball 3-1: Foul Ball, location: 2F 3-2: SINGLE (Groundball, 6MD, EV 98.8 MPH) Randy Milligan to second Randy Milligan to third
|
|
Batting: RHB Nehames Bernstine
|
0-0: Ball 1-0: Ball 2-0: Called Strike 2-1: Ball 3-1: Foul Ball, location: 2F 3-2: Strikes out swinging
|
| Bottom of the 8th over - 0 runs, 1 hit, 0 errors, 2 left on base; Nassau 5 - Limon 0 |
| TOP OF THE 9TH |
|
Nassau Black Sails batting - Pitching for Limon Calypsos : RHP Vittore Fachinetti
|
|
Pitching: RHP David Melendez
|
|
|
Batting: RHB Randolph Ebersberger
|
0-0: Called Strike 0-1: Ball 1-1: Swinging Strike 1-2: Strikes out swinging, 2-3 out at first.
|
|
Batting: RHB Heri Ramirez
|
0-0: Called Strike 0-1: Foul Ball, location: 2F 0-2: Foul Ball, location: 2F 0-2: SINGLE (Groundball, 4MD, EV 97.5 MPH)
|
|
Batting: RHB Cecil Fielder
|
0-0: Called Strike 0-1: Called Strike 0-2: Foul Ball, location: 2F 0-2: Ball 1-2: Foul Ball, location: 2F 1-2: Foul Ball, location: 2F 1-2: Grounds into double play, 6-4-3 (Groundball, 6S, EV 84.4 MPH)
|
| Top of the 9th over - 0 runs, 1 hit, 0 errors, 0 left on base; Nassau 5 - Limon 0 |
| BOTTOM OF THE 9TH |
|
Limon Calypsos batting - Pitching for Nassau Black Sails : RHP Scott Garrelts
|
|
Batting: SHB Bobby Bonilla
|
0-0: Ball 1-0: Foul Ball, location: 2F 1-1: Foul Ball, location: 2F 1-2: Ball 2-2: Ground out 5-3 (Groundball, 5S, EV 91.3 MPH)
|
|
Batting: RHB Greg Gagne
|
0-0: Ball 1-0: Ball 2-0: Fly out, F7 (Line Drive, 7, EV 91.3 MPH)
|
|
Batting: LHB Jesus Marinez
|
0-0: Swinging Strike 0-1: Called Strike 0-2: Foul Ball, location: 2F 0-2: Foul Ball, location: 2F 0-2: Ball 1-2: Ball 2-2: Ball 3-2: Strikes out swinging
|
| Bottom of the 9th over - 0 runs, 0 hits, 0 errors, 0 left on base; Nassau 5 - Limon 0 |
|